 Dungeon Crawl Stone Soup version 0.29-a0-103-g37f86683bf (webtiles) character file.

Game seed: 1342414611864507785

407 emnemthenerd the Poker (level 6, -5/84 HPs)
             Began as a Minotaur Berserker on Jan 11, 2022.
             Was a Priest of Trog.
             Slain by a wyvern (17 damage)
             ... on level 4 of the Dungeon on Feb 15, 2022.
             The game lasted 00:13:21 (4527 turns).

emnemthenerd the Poker (Minotaur Berserker)         Turns: 4527, Time: 00:13:22

Health: -5/84      AC:  7    Str: 21    XL:     6   Next: 57%
Magic:  5/5        EV: 11    Int:  4    God:    Trog [***...]
Gold:   180        SH:  0    Dex: 12    Spells: 5/5 levels left

rFire   . . .      SeeInvis .   a - +0 spear
rCold   . . .      Faith    .   (no shield)
rNeg    . . .      Spirit   .   f - +0 ring mail
rPois   .          Reflect  .   (helmet restricted)
rElec   .          Harm     .   (no cloak)
rCorr   .          Rampage  .   (no gloves)
Will    .....                   g - +0 pair of boots
Stlth   ..........              (no amulet)
HPRegen 0.24/turn               o - ring of flight
MPRegen 0.09/turn               (no ring)

@: berserking, flying, very quick
A: horns 2, retaliatory headbutt
a: Renounce Religion, Berserk, Trog's Hand


You were on level 4 of the Dungeon.
You worshipped Trog.
Trog was most pleased with you.
You visited 1 branch of the dungeon, and saw 4 of its levels.

You collected 180 gold pieces.

Inventory:

Hand Weapons
 a - a +0 spear (weapon)
Missiles
 c - 3 throwing nets (quivered)
Armour
 b - a +0 animal skin
 f - a +0 ring mail (worn)
 g - a +0 pair of boots (worn)
 k - an orb of energy
Magical Staves
 p - a staff of death
Jewellery
 o - a ring of flight (left hand)
Wands
 q - a wand of paralysis (8)
Scrolls
 h - a scroll of vulnerability {unknown}
 j - a scroll of teleportation {unknown}
Potions
 d - a potion of lignification {unknown}
 e - 2 potions of curing
 i - 2 potions of attraction
 l - 2 potions of mutation
 m - a potion of heal wounds {unknown}
 n - a potion of flight {unknown}


   Skills:
 + Level 5.1 Fighting
 + Level 6.5 Polearms
 + Level 4.5 Armour
 + Level 2.9 Dodging
 + Level 1.1 Stealth


You had 5 spell levels left.
You didn't know any spells.
Your spell library was empty.

Dungeon Overview and Level Annotations

Branches:
Dungeon (4/15)
 Temple: D:4-7

Altars:
Kikubaaqudgha
Makhleb
Okawaru

Shops:
D:3 (


Innate Abilities, Weirdness & Mutations

You have a pair of horns on your head.
You reflexively headbutt those who attack you in melee.


Message History

Things that are here:
a +0 club; a +0 club; a gnoll skeleton
c - 3 throwing nets (gained 2)
You see here a +0 flail.
Things that are here:
a +0 spear; a +0 ring mail; a gnoll skeleton A wyvern comes into view.
The wyvern hisses angrily.
A wyvern is nearby!
You hit the wyvern.
The wyvern is lightly wounded.
The wyvern hisses menacingly.
The wyvern bites you!
You hit the wyvern. You headbutt the wyvern!
The wyvern is heavily wounded.
The wyvern bites you but does no damage.
You hit the wyvern.
The wyvern is severely wounded.
The wyvern bites you.
You barely miss the wyvern.
The wyvern is severely wounded.
The wyvern bites you!
You are too injured to fight recklessly!
You are too injured to fight recklessly!
You are too injured to fight recklessly!
You hit the wyvern but do no damage. Your headbutt misses the wyvern.
The wyvern is severely wounded.
The wyvern bites you!
* * * LOW HITPOINT WARNING * * *
The wyvern closely misses you.
You closely miss the wyvern.
The wyvern is severely wounded.
The wyvern bites you but does no damage.
You hit the wyvern but do no damage.
The wyvern is severely wounded.
The wyvern bites you!
* * * LOW HITPOINT WARNING * * *
A red film seems to cover your vision as you go berserk!
You feel yourself moving faster!
You feel mighty! The wyvern bites you!
You die...

####### ##.....##
####.......### ###
##............###..#
..............##..#
..............#.@#
#...............#l......
#.....))...#..##.......
#..#..)).....## #......
#....).....## ..####
##........## #.#
##......## .. ##.......#
... #......)##


You could see a wyvern.

Vanquished Creatures
  A gnoll sergeant (D:4)
  A jelly (D:4)
  Ijyb (D:4)
  Robin (D:3)
  12 gnolls (D:4)
  7 adders
  2 dart slugs
  3 orcs (D:4)
  3 bats
  10 endoplasms
  6 giant cockroaches
  11 goblins
  6 hobgoblins
  8 jackals (D:1)
  A quokka (D:4)
  4 ball pythons
  3 frilled lizards
  7 kobolds
  7 rats
94 creatures vanquished.

Notes
Turn   | Place    | Note
-------+----------+-------------------------------------------
     0 | D:1      | emnemthenerd the Minotaur Berserker began the quest for the
                  | Orb.
     0 | D:1      | Reached XP level 1. HP: 19/19 MP: 0/0
     1 | D:1      | Found a runed translucent door.
   691 | D:1      | Reached skill level 4 in Polearms
   691 | D:1      | Reached XP level 2. HP: 23/27 MP: 1/1
  1189 | D:1      | Found a faded altar of an unknown god.
  1372 | D:1      | Reached XP level 3. HP: 31/33 MP: 2/2
  1398 | D:1      | Reached ** piety under Trog
  1819 | D:2      | Found a burning altar of Makhleb.
  1823 | D:2      | Reached XP level 4. HP: 41/41 MP: 3/3
  2478 | D:3      | Found Ocwainuc's Antique Weapon Shop.
  2683 | D:3      | Found an iron altar of Okawaru.
  2683 | D:3      | Found an ancient bone altar of Kikubaaqudgha.
  2786 | D:3      | Reached skill level 5 in Polearms
  2998 | D:3      | Noticed Robin
  3016 | D:3      | Killed Robin
  3104 | D:3      | Reached XP level 5. HP: 47/47 MP: 4/4
  3496 | D:4      | Reached skill level 1 in Stealth
  3530 | D:4      | Noticed Ijyb
  4079 | D:4      | Upgraded the game from 0.28-a0-1447-ga5a8893891 to
                  | 0.29-a0-103-g37f86683bf
  4096 | D:4      | Killed Ijyb
  4096 | D:4      | Reached *** piety under Trog
  4097 | D:4      | Reached XP level 6. HP: 52/55 MP: 5/5
  4126 | D:4      | Reached skill level 5 in Fighting
  4138 | D:4      | Reached skill level 6 in Polearms
  4518 | D:4      | Noticed a wyvern
  4527 | D:4      | Slain by a wyvern

Illustrated notes

Levels and vault maps discovered:
D:1:      dpeg_arrival_caged_fury, layout_loops_corners,
          chequers_ecumenical_altar_twisty
D:2:      layout_loops_ring, basic_altar
D:3:      layout_loops_ring, gammafunk_temple_overflow_pools, serial_shops,
          shop_fountains, uniq_robin
D:4:      layout_cave_pods, corexii_hall_statues_i, uniq_ijyb

Skill      XL: |  1  2  3  4  5  6 |
---------------+-------------------+-----
Polearms       | 4 5 6 |  6.5
Fighting       | 4 5 |  5.1
Armour         | 3 4 |  4.5
Stealth        | 1 |  1.1
Dodging        | |  2.9

Action                   |  1- 3 |  4- 6 || total
-------------------------+-------+-------++-------
Melee: Spear             |    85 |   185 ||   270
       Headbutt          |    16 |    26 ||    42
       Punch             |     2 |     2 ||     4
Invok: Berserk           |       |     4 ||     4
  Use: Scroll            |       |     5 ||     5
Armor: Animal skin       |     4 |       ||     4
       Ring mail         |    13 |    30 ||    43
Dodge: Dodged            |    37 |    73 ||   110

Table legend: (Time is in decaauts)
 A = Elapsed time spent in this place.
 B = Non-inter-level travel time spent in this place.
 C = Inter-level travel time spent in this place.
 D = Time resting spent in this place.
 E = Time spent auto-exploring this place.
 F = Levels seen in this place.
 G = Mean time per level.
                   A        B        C        D        E       F      G
               +--------+--------+--------+--------+--------+-----+--------+
         Total |   4511 |   4179 |    332 |   1552 |   2164 |   4 | 1127.8 |
       Dungeon |   4511 |   4179 |    332 |   1552 |   2164 |   4 | 1127.8 |
               +--------+--------+--------+--------+--------+-----+--------+

Top non-repeatable levels by time:
     D:1: 1689 daAuts
     D:4: 1106 daAuts
     D:3: 1006 daAuts
     D:2: 708 daAuts
